 Dungeon Crawl Stone Soup version 0.30-a0-1035-g38d5fb2972 (webtiles) character file.

Game seed: 16638664555687088178

11205 porpoise the Skirmisher (level 11, -3/71 HPs)
             Began as a Tengu Hunter on Apr 9, 2023.
             Was a Believer of Ashenzari.
             Collided with a rock wall (16 damage)
             ... caused by a wretched star
             ... on level 2 of the Abyss.
             The game lasted 00:42:09 (9079 turns).

porpoise the Skirmisher (Tengu Hunter)              Turns: 9079, Time: 00:42:11

Health: -3/71      AC: 13    Str: 21    XL:     11   Next: 74%
Magic:  19/19      EV: 19    Int:  8    God:    Ashenzari [**....]
Gold:   605        SH:  0    Dex: 22    Spells: 17/20 levels left

rFire   . . .      SeeInvis +    a - +1 shortbow
rCold   + . .      Faith    .    (shield currently unavailable)
rNeg    + + +      Spirit   .    O - +4 ring mail "Gisy" {Rampage rC+ rCorr Str+8 Stlth-}
rPois   .          Reflect  .    (helmet restricted)
rElec   .          Rampage  +    v - +1 cloak of Ashenzari's Sun {Elem, Bglg} (curse)
rCorr   +                        (no gloves)
Will    .....                    (boots unavailable)
Stlth   ++                       i - amulet "Yoke of the Astral Sage" {Regen+, Fort, Self} (curse)
HPRegen 0.00/turn                h - ring "Eternal Incredulity" {Dex+6, Elem, Self} (curse)
MPRegen 0.16/turn                H - ring of Ter Mink {rN+++ rCorr Str+6 Int-2 Dex-2}

@: flying quickly and evasively, inhibited regen, unable to drink, quick
A: beak, talons 3, nimble flight, [clumsy 2], [screaming 2], [inhibited
regeneration], [weak 2], [inability to drink after injury 2]
a: Renounce Religion, Curse Item, Shatter the Chains


You were on level 2 of the Abyss.
You worshipped Ashenzari.
Ashenzari was pleased with you.
You visited 1 branch of the dungeon, and saw 9 of its levels.
You visited the Abyss 1 time.
You also visited: Bailey.

You collected 605 gold pieces.

Inventory:

Hand Weapons
 a - a +1 shortbow (weapon)
 b - a +3 spear of venom
 M - a +0 scimitar
Missiles
 C - 2 throwing nets
Armour
 l - +0 acid dragon scales
 v - the cursed +1 cloak of Ashenzari's Sun (worn) {Elem, Bglg}
   (You took it off Crazy Yiuf on level 3 of the Dungeon)

   It has a curse which improves the following skills: Elements: Fire Magic, Ice
   Magic, Air Magic and Earth Magic.
   Beguiling: Conjurations, Hexes and Translocations.
 O - the +4 ring mail "Gisy" (worn) {Rampage rC+ rCorr Str+8 Stlth-}
   (You found it on level 8 of the Dungeon)

   Str:       It affects your strength (+8).
   rC:        It protects you from cold.
   rCorr:     It protects you from acid and corrosion.
   Rampage:   It bestows one free step when moving towards enemies.
   Stlth:     It makes you less stealthy.
Magical Staves
 f - a staff of poison
 L - a staff of fire
 P - the staff of conjuration "Jaixzoev" {Int+3}
   (You found it in a bailey)

   [staff of conjuration]

   Base accuracy: +5 Base damage: 5 Base attack delay: 1.2 This weapon's minimum
   attack delay (0.6) is reached at skill level 12.
   Int:       It affects your intelligence (+3).
   It falls into the 'Staves' category.
   It is a one-handed weapon.
Jewellery
 h - the cursed ring "Eternal Incredulity" (left hand) {Dex+6, Elem, Self}
   (You found it on level 1 of the Dungeon)

   [ring of dexterity]

   Dex:       It affects your dexterity (+6).
   It has a curse which improves the following skills: Elements: Fire Magic, Ice
   Magic, Air Magic and Earth Magic.
   Introspection: Fighting and Spellcasting.
 i - the cursed amulet "Yoke of the Astral Sage" (around neck) {Regen+, Fort, Self}
   (You found it on level 1 of the Dungeon)

   [amulet of regeneration]

   Regen:     It increases your rate of health regeneration.
   It has a curse which improves the following skills: Fortitude: Armour and
   Shields.
   Introspection: Fighting and Spellcasting.
 s - a ring of protection from fire
 F - a ring of positive energy
 H - the ring of Ter Mink (right hand) {rN+++ rCorr Str+6 Int-2 Dex-2}
   (You found it on level 5 of the Dungeon)

   [ring of strength]

   Str:       It affects your strength (+6).
   Int:       It affects your intelligence (-2).
   Dex:       It affects your dexterity (-2).
   rN:        It renders you almost immune to negative energy.
   rCorr:     It protects you from acid and corrosion.
 J - a +5 ring of evasion
Wands
 d - a wand of digging (7)
 x - a wand of roots (20)
Scrolls
 g - 2 scrolls of vulnerability
 j - a scroll of noise
 p - 3 scrolls of blinking
 r - 3 scrolls of enchant armour
 t - a scroll of amnesia
 w - 2 scrolls of enchant weapon
 y - a scroll of silence
 z - 2 scrolls of immolation
 A - 2 scrolls of fog
 B - 3 scrolls of teleportation
 K - a scroll of fear
Potions
 c - a potion of attraction
 e - 3 potions of curing
 k - a potion of berserk rage
 n - a potion of heal wounds
 o - 4 potions of brilliance
 q - 3 potions of might
 u - a potion of magic
 D - a potion of cancellation
 E - 2 potions of mutation
 I - a potion of resistance
 N - a potion of ambrosia
 Q - a potion of lignification


   Skills:
 - Level 7.2(9.0) Fighting
 - Level 10.0 Ranged Weapons
 + Level 7.1(8.3) Armour
 - Level 7.0 Dodging
 - Level 7.0 Stealth
 - Level 3.7(5.3) Spellcasting
 + Level 5.1(6.2) Conjurations
 + Level 5.0(6.7) Air Magic
 - Level 5.0 Poison Magic
 - Level 5.0 Evocations


You had 17 spell levels left.
You knew the following spells:

 Your Spells              Type           Power      Damage    Failure   Level
m - Mephitic Cloud        Conj/Pois/Air  11%        N/A       10%         3

Your spell library contained the following spells:

 Spells                   Type           Power      Damage    Failure   Level
 Poisonous Vapours        Pois/Air       22%        N/A       5%          2
 Dazzling Flash           Conj/Hex       14%        N/A       30%         3
 Apportation              Tloc           4%         N/A       36%         1
 Beastly Appendage        Tmut           4%         N/A       36%         1
 Spider Form              Tmut/Pois      6%         N/A       38%         3
 Lesser Beckoning         Tloc           4%         N/A       50%         2
 Wereblood                Tmut           2%         N/A       52%         2
 Iskenderun's Mystic Bla  Conj/Tloc      7%         2d4       71%         4
 Gell's Gravitas          Tloc           2%         N/A       73%         3
 Teleport Other           Tloc           2%         N/A       73%         3
 Volatile Blastmotes      Fire/Tloc      4%         2d10      73%         3
 Freezing Cloud           Conj/Ice/Air   4%         6-21      87%         5
 Alistair's Intoxication  Tmut/Pois      4%         N/A       98%         5
 Starburst                Conj/Fire      3%         6d3       100%        6


Dungeon Overview and Level Annotations

Branches:
Dungeon (9/15)             Temple (0/1) D:7            Lair (0/5) D:8
 Bailey (visited)
    Orc: D:9-12

Altars:
Ashenzari
Makhleb
Ru
Wu Jian
Xom
Yredelemnul

Annotations:
D:9 Erolcha


Innate Abilities, Weirdness & Mutations

You have a beak for a mouth.
You have claws for feet.
Your magical nature lets you fly swiftly and evasively.
[You are very clumsy. (Dex -4)]
[You frequently scream uncontrollably at your foes.]
[You do not regenerate when monsters are visible.]
[You are very weak. (Str -4)]
[You sometimes lose the ability to drink potions when taking damage.]


Message History

The ufetubus disappears in a puff of smoke! x6
The wretched star glows turbulently.
The lance of force hits you!
You are knocked back by the lance of force.
You slam into the rock wall!
Your base Air Magic skill increases to level 5!
You shoot an arrow.
The arrow closely misses the wretched star.
The wretched star pulses with an eldritch light!
You feel weaker. x2
You shoot an arrow.
The arrow closely misses the wretched star.
The wretched star pulses with an eldritch light!
Your regeneration stops near monsters.
You occasionally lose the ability to drink potions when taking damage.
You lose the ability to drink potions when taking damage more often.
Unknown command.
You shoot an arrow. The arrow hits the wretched star.
The wretched star is lightly damaged.
You shoot an arrow. The arrow hits the wretched star!
The wretched star is moderately damaged.
The wretched star glows turbulently.
The lance of force misses you.
The wretched star glows turbulently.
The lance of force hits you!
You feel threatened and lose the ability to drink potions!
You are knocked back by the lance of force.
You slam into the rock wall!
You shoot an arrow. The arrow hits the wretched star.
The wretched star is moderately damaged.
You shoot an arrow. The arrow hits the wretched star.
The wretched star is moderately damaged.
You shoot an arrow.
The arrow closely misses the wretched star.
The wretched star glows turbulently.
The lance of force hits you!!
* * * LOW HITPOINT WARNING * * *
You are knocked back by the lance of force.
You slam into the rock wall!
You die...

.... #...# .
......# #..# .
... ... .... *
*# ,... # ..., .
..... .. , .
####. ... . ..
#.,, .## .
.##.#. ## .##.
##.#.##.....#..
#
#....#..#....#.#
..# , ,
#...#...##
#..#.### ,,
#.*@#. ..### . ,
, ##..#..#.. #
....... * #, **
....####. * *# *
, , ##.#. , ##*
* * , , *...##,
* * .##* * * , *
* , * * , * , ,
, ,


You could see a wretched star.

Vanquished Creatures
  A troll (D:7)
  Prince Ribbit (D:5)
  A ynoxinul (Abyss:2)
  2 yaks (D:8)
  Menkaure (D:4)
  A steam dragon (D:9)
  A warg (D:8)
  An acid dragon (D:6)
  A water moccasin (D:6)
  A black bear (D:5)
  3 ice beasts
  13 orc warriors
  A sky beast (D:8)
  2 ogres (D:5)
  11 centaurs
  A phantom (D:7)
  Blork the orc (D:4)
  3 bullfrogs
  A necrophage (D:6)
  2 scorpions (D:6)
  A gnoll sergeant (D:6)
  2 howler monkeys (D:7)
  A quasit (Abyss:2)
  3 hounds
  4 jellies
  9 orc priests
  2 gnoll boudas (D:6)
  Crazy Yiuf (D:3)
  An iguana (D:5)
  A sleepcap (D:5)
  Ijyb (D:4)
  11 orc wizards
  A hound skeleton (D:6)
  Robin (D:4)
  14 gnolls (D:6)
  6 adders
  3 white imps
  3 worms
  4 dart slugs
  61 orcs
  8 bats
  5 endoplasms
  3 giant cockroaches
  22 goblins
  6 hobgoblins
  8 jackals
  5 kobolds
  5 quokkas
  10 ball pythons
  2 frilled lizards (D:2)
  9 rats
262 creatures vanquished.

Notes
Turn   | Place    | Note
-------+----------+-------------------------------------------
     0 | D:1      | porpoise the Tengu Hunter began the quest for the Orb.
     0 | D:1      | Reached XP level 1. HP: 12/12 MP: 2/2
   173 | D:1      | Reached XP level 2. HP: 15/17 MP: 3/3
   288 | D:1      | Reached skill level 5 in Ranged Weapons
   415 | D:1      | Reached XP level 3. HP: 22/22 MP: 4/4
  1370 | D:2      | Reached XP level 4. HP: 27/27 MP: 5/5
  1383 | D:2      | Found a shimmering altar of Xom.
  1923 | D:3      | Reached skill level 6 in Ranged Weapons
  2080 | D:3      | Found a runed translucent door.
  2081 | D:3      | Noticed Crazy Yiuf
  2262 | D:3      | Gained mutation: Your magical nature lets you fly swiftly
                  | and evasively. [Tengu growth]
  2262 | D:3      | Reached XP level 5. HP: 32/32 MP: 6/6
  2284 | D:3      | Found an ornate altar of the Wu Jian Council.
  2287 | D:3      | Found a sacrificial altar of Ru.
  2624 | D:3      | Killed Crazy Yiuf
  2843 | D:4      | Noticed Blork the orc
  2848 | D:4      | Killed Blork the orc
  2849 | D:4      | Reached XP level 6. HP: 38/38 MP: 7/7
  2854 | D:4      | Noticed Ijyb
  2861 | D:4      | Reached skill level 7 in Ranged Weapons
  2868 | D:4      | Killed Ijyb
  3209 | D:4      | Noticed Robin
  3214 | D:4      | Killed Robin
  3440 | D:4      | Noticed Menkaure
  3444 | D:4      | Killed Menkaure
  3445 | D:4      | Reached XP level 7. HP: 44/44 MP: 8/8
  3764 | D:4      | Reached skill level 8 in Ranged Weapons
  4040 | D:5      | Entered Level 5 of the Dungeon
  4290 | D:5      | Reached skill level 5 in Fighting
  4300 | D:5      | Found a broken altar of Ashenzari.
  4393 | D:5      | Became a worshipper of Ashenzari the Shackled
  4450 | D:5      | Reached skill level 9 in Ranged Weapons
  4450 | D:5      | Reached XP level 8. HP: 49/49 MP: 9/9
  4487 | D:5      | Identified the ring of Ter Mink {rN+++ rCorr Str+6 Int-2
                  | Dex-2}
  4501 | D:5      | Reached skill level 1 in Armour
  4554 | D:5      | Noticed Prince Ribbit
  4570 | D:5      | Killed Prince Ribbit
  4571 | D:5      | Reached skill level 10 in Ranged Weapons
  5219 | D:6      | Reached XP level 9. HP: 54/54 MP: 10/10
  5359 | D:6      | You are sucked into a shaft and drop 1 floor!
  5430 | D:6      | Reached skill level 5 in Armour
  5452 | D:6      | Reached skill level 5 in Dodging
  5952 | D:6      | Found a burning altar of Makhleb.
  6096 | D:7      | Noticed a troll
  6123 | D:7      | Killed a troll
  6124 | D:7      | Reached skill level 5 in Stealth
  6291 | D:7      | Found a staircase to the Ecumenical Temple.
  6673 | D:7      | Found a basalt altar of Yredelemnul.
  6851 | D:7      | Reached * piety under Ashenzari
  7135 | D:8      | Identified the +4 ring mail "Gisy" {Rampage rC+ rCorr Str+8
                  | Stlth-}
  7162 | D:8      | Reached XP level 10. HP: 60/60 MP: 11/11
  7190 | D:8      | Found a flagged portal.
  7204 | Bailey   | Entered a bailey
  7461 | Bailey   | Reached skill level 1 in Evocations
  7658 | Bailey   | Reached skill level 1 in Spellcasting
  7676 | Bailey   | Identified the staff of conjuration "Jaixzoev" {Int+3}
  7931 | Bailey   | Reached XP level 11. HP: 68/68 MP: 14/18
  7936 | Bailey   | Learned a level 3 spell: Mephitic Cloud
  8043 | D:8      | Reached ** piety under Ashenzari
  8433 | D:8      | Found a staircase to the Lair.
  8449 | D:8      | Reached skill level 5 in Evocations
  8585 | D:8      | Reached skill level 5 in Poison Magic
  9016 | D:9      | Noticed Erolcha
  9034 | Abyss:2  | Cast into level 2 of the Abyss (Erolcha)
  9036 | Abyss:2  | Found a corrupted altar of Lugonu.
  9044 | Abyss:2  | Reached skill level 5 in Conjurations
  9062 | Abyss:2  | Noticed a wretched star
  9073 | Abyss:2  | Reached skill level 5 in Air Magic
  9079 | Abyss:2  | Collided with a rock wall

Illustrated notes

Levels and vault maps discovered:
D:1:      minmay_arrival_hallway, layout_loops_corners
D:2:      layout_loops_ring, basic_altar, st_stairs_8
D:3:      layout_loops_ring, nicolae_overflow_squiral,
          kennysheep_cross_bottleneck, uniq_crazy_yiuf_cottage
D:4:      layout_basic, uniq_blork_the_orc, uniq_menkaure, uniq_robin, uniq_ijyb
D:5:      black_bear_nest_1, layout_basic, ashenzari_conservatory_becter,
          serial_bayou_pond_d, uniq_prince_ribbit1
D:6:      layout_rooms, makhleb_blood_cavern_becter
D:7:      layout_loops_ring, kennysheep_mini_moat, minmay_temple_entry_trees
D:8:      layout_gridville, erik_lair_orcish_takeover, enter_bailey_3
D:9:      nicolae_cairo_tiling_very_big, layout_basic,
          grunt_temple_overflow_bloody_war, uniq_erolcha
Abyss:2:  base: D:6, bh_abyss_exit_grid

Skill      XL: |  1  2  3  4  5  6  7  8  9 10 11 |
---------------+----------------------------------+-----
Ranged Weapons | 5 6 7 9 10 | 10.0
Fighting       | 3 4 5 6 7 |  7.2
Armour         | 4 6 7 |  7.1
Dodging        | 4 6 7 |  7.0
Stealth        | 3 6 7 |  7.0
Evocations     | 4 5 |  5.0
Spellcasting   | 3 |  3.7
Conjurations   | 4 5 |  5.1
Air Magic      | 4 5 |  5.0
Poison Magic   | 4 5 |  5.0

Action                     |  1- 3 |  4- 6 |  7- 9 | 10-12 || total
---------------------------+-------+-------+-------+-------++-------
  Melee: Shortbow          |       |     2 |     2 |       ||     4
         Peck              |       |     1 |     2 |       ||     3
         Spear             |       |       |    24 |       ||    24
         Kick              |       |       |     3 |       ||     3
   Fire: Shortbow          |    80 |   163 |   321 |   371 ||   935
 Invoke: Curse Item        |       |       |     2 |     1 ||     3
  Evoke: Wand              |       |       |     5 |     1 ||     6
    Use: Potion            |       |     1 |     3 |     1 ||     5
         Scroll            |       |     2 |    15 |       ||    17
 Armour: Leather armour    |     4 |    14 |     9 |       ||    27
         Acid dragon scale |       |       |    21 |    12 ||    33
         Ring mail         |       |       |       |    17 ||    17
  Dodge: Dodged            |    24 |    29 |   139 |   141 ||   333

Table legend: (Time is in decaauts)
 A = Elapsed time spent in this place.
 B = Non-inter-level travel time spent in this place.
 C = Inter-level travel time spent in this place.
 D = Time resting spent in this place.
 E = Time spent auto-exploring this place.
 F = Levels seen in this place.
 G = Mean time per level.
                   A        B        C        D        E       F      G
               +--------+--------+--------+--------+--------+-----+--------+
         Total |   8734 |   8371 |    363 |   1414 |   4889 |  11 |  794.0 |
       Dungeon |   7915 |   7552 |    363 |   1240 |   4852 |   9 |  879.4 |
         Abyss |     43 |     43 |      0 |      0 |     17 |   1 |   43.0 |
        Bailey |    775 |    775 |      0 |    174 |     20 |   1 |  775.0 |
               +--------+--------+--------+--------+--------+-----+--------+

Top non-repeatable levels by time:
     D:4: 1204 daAuts
     D:3: 1070 daAuts
     D:1: 967 daAuts
     D:5: 911 daAuts
     D:6: 897 daAuts
     D:8: 891 daAuts
     D:7: 882 daAuts
  Bailey: 775 daAuts
     D:2: 729 daAuts
     D:9: 361 daAuts
 Abyss:2: 43 daAuts
